 Dungeon Crawl Stone Soup version 0.24-a0-160-gfa3a8d6 (webtiles) character file.

Game seed: 3515642069348163311

341 galech the Skirmisher (level 6, -3/50 HPs)
             Began as a Demonspawn Fighter on Mar 5, 2019.
             Was an Initiate of Okawaru.
             Blown up by Pikel (14 damage)
             ... with a wand of disintegration (6)
             ... on level 5 of the Dungeon.
             The game lasted 00:03:34 (3987 turns).

galech the Skirmisher (Demonspawn Fighter)          Turns: 3987, Time: 00:03:34

Health: -3/50      AC: 11    Str: 21    XL:     6   Next: 30%
Magic:  6/6        EV:  5    Int:  9    God:    Okawaru [......]
Gold:   198        SH: 10    Dex: 15    Spells: 5/5 levels left

rFire    + . .     SeeInvis .   a - +0 war axe
rCold    x . .     Gourm    .   c - +0 shield
rNeg     . . .     Faith    .   w - +0 chain mail
rPois    .         Spirit   .   (no helmet)
rElec    .         Reflect  .   (no cloak)
rCorr    .         Harm     .   (no gloves)
MR       .....                  (no boots)
Stlth    ..........             (no amulet)
HPRegen  0.16/turn              e - ring of fire
MPRegen  0.10/turn              (no ring)

@: mighty
A: rugged brown scales 2, rot immunity
a: Renounce Religion


You were on level 5 of the Dungeon.
You worshipped Okawaru.
Okawaru was noncommittal.
You were hungry.

You visited 2 branches of the dungeon, and saw 6 of its levels.

You collected 198 gold pieces.

Inventory:

Hand Weapons
 a - a +0 war axe (weapon)
Armour
 c - a +0 shield (worn)
 w - a +0 chain mail (worn)
Jewellery
 e - a ring of fire (left hand)
Wands
 t - a wand of iceblast (9)
Scrolls
 j - 3 scrolls of teleportation
 k - a scroll of random uselessness
 m - a scroll of identify
 n - 4 scrolls of remove curse
 r - a scroll of enchant weapon
 s - a scroll of enchant armour
Potions
 d - a potion of might
 g - a potion of heal wounds {unknown}
 h - 2 potions of curing {unknown}
 i - 2 potions of ambrosia {unknown}
 l - 2 potions of invisibility {unknown}
 o - 2 potions of lignification {unknown}
 p - 2 potions of brilliance {unknown}
 q - a potion of flight {unknown}
 v - 2 potions of agility {unknown}
Comestibles
 f - 6 rations


   Skills:
 + Level 4.2 Fighting
 + Level 4.1 Axes
 + Level 3.3 Armour
 + Level 0.8 Dodging
 + Level 3.7 Shields


You had 5 spell levels left.
You didn't know any spells.
Your spell library was empty.

Dungeon Overview and Level Annotations

Branches:
Dungeon (5/15)             Temple (1/1) D:4

Altars:
Ashenzari
Cheibriados
Dithmenos
Elyvilon
Fedhas
Gozag
Kikubaaqudgha
Makhleb
Nemelex Xobeh
Okawaru
Qazlal
Ru
Sif Muna
Uskayaw
Vehumet
Wu Jian
Yredelemnul
Zin
The Shining One

Annotations:
D:5 Pikel


Innate Abilities, Weirdness & Mutations

You are mostly covered in rugged brown scales. (AC +2, +5% HP)
You are immune to rotting.


Message History

Pikel zaps a wand.
You are blasted!
You closely miss Pikel.
Pikel hits you with a +2 whip of flaming.
You closely miss Pikel. You block Pikel's attack.
Pikel zaps a wand.
You are blasted!
Your shield and chain mail prevent you from hitting Pikel.
Pikel hits you with a +2 whip of flaming.
You closely miss Pikel.
You hear the slow rusting of a very distant drain.
You block Pikel's attack.
You slash Pikel!
Pikel is moderately wounded.
Pikel hits you with a +2 whip of flaming.
* * * LOW HITPOINT WARNING * * *
Pikel hits you with a +2 whip of flaming.
* * * LOW HITPOINT WARNING * * *
You slash Pikel!
Pikel is heavily wounded.
Pikel zaps a wand.
You are blasted!
You die...

#. #...# .# #
#.###.#.##.#.##
#..............
..%.....p......
###..#.# # #...p.?#
#.##.#..###
#...<.pp####.#
####.#ppK@...#
###.#########
#.....# #######
#.....#####.....##
#................#
#.....####.<.....###
#.....# #..........
####### #..<...(#
#.#####.#


You could see Pikel and 4 slaves.

Vanquished Creatures
  A crimson imp (D:4)
  A bullfrog skeleton (D:4)
  A hound (D:4)
  A jelly (D:3)
  2 orc wizards (D:4)
  5 gnolls
  An adder (D:4)
  7 oozes (D:3)
  A worm (D:2)
  2 dart slugs
  5 leopard geckos
  8 orcs
  A giant cockroach (D:1)
  10 goblins
  5 hobgoblins
  11 kobolds
  6 bats
  A frilled lizard (D:1)
  4 rats
73 creatures vanquished.

Vanquished Creatures (others)
  A fungus (D:3)
  7 toadstools (D:3)
8 creatures vanquished.

Grand Total: 81 creatures vanquished

Notes
Turn   | Place    | Note
-------+----------+-------------------------------------------
     0 | D:1      | galech the Demonspawn Fighter began the quest for the Orb.
     0 | D:1      | Reached XP level 1. HP: 18/18 MP: 1/1
   128 | D:1      | Gained mutation: You are immune to rotting. [demonic
                  | ancestry]
   128 | D:1      | Reached XP level 2. HP: 24/24 MP: 2/2
   215 | D:1      | Gained mutation: You are partially covered in rugged brown
                  | scales. (AC +1, +3% HP) [demonic ancestry]
   215 | D:1      | Reached XP level 3. HP: 18/30 MP: 3/3
   994 | D:2      | Found a faded altar of an unknown god.
  1154 | D:2      | Found a blossoming altar of Fedhas.
  1154 | D:2      | Found a faded altar of an unknown god.
  1159 | D:2      | Found a radiant altar of Vehumet.
  1161 | D:2      | Found a white marble altar of Elyvilon.
  1163 | D:2      | Found a faded altar of an unknown god.
  1992 | D:3      | Gained mutation: You are mostly covered in rugged brown
                  | scales. (AC +2, +5% HP) [demonic ancestry]
  1992 | D:3      | Reached XP level 4. HP: 25/38 MP: 4/4
  2514 | D:3      | Reached XP level 5. HP: 37/44 MP: 5/5
  2880 | D:4      | Found a staircase to the Ecumenical Temple.
  2894 | Temple   | Entered the Ecumenical Temple
  2985 | Temple   | Became a worshipper of Warmaster Okawaru
  3482 | D:4      | Reached XP level 6. HP: 26/50 MP: 6/6
  3938 | D:5      | Entered Level 5 of the Dungeon
  3966 | D:5      | Noticed a slave
  3968 | D:5      | Noticed a slave
  3969 | D:5      | Noticed Pikel
  3969 | D:5      | Noticed a slave
  3969 | D:5      | Noticed a slave
  3987 | D:5      | Blown up by Pikel

Levels and vault maps discovered:
D:1:      dpeg_arrival_rooms_c, layout_basic
D:2:      layout_loops_ring, chequers_temple_overflow_minitemple,
          chequers_ecumenical_altar_simple
D:3:      cheibrodos_fertilizer, layout_basic, minmay_misc_feat_secret_circle,
          guppyfry_early_orc_mine
D:4:      layout_basic, minmay_temple_entry_junction, first_ration
D:5:      layout_loops_cross, portal_sewer_entry_f, minmay_misc_feat_ornament,
          nemelex_lonely_heart_becter, uniq_pikel
Temple:   lightli_temple_of_artemis

Skill      XL: |  1  2  3  4  5  6 |
---------------+-------------------+-----
Shields        | 3 |  3.7
Axes           | 2 3 4 |  4.1
Armour         | 3 |  3.3
Fighting       | 4 |  4.2
Dodging        | |  0.8

Action                   |  1- 3 |  4- 6 || total
-------------------------+-------+-------++-------
Melee: War axe           |   113 |   133 ||   246
  Use: Scroll            |       |     5 ||     5
       Potion            |       |     1 ||     1
  Eat: Ration            |     1 |       ||     1
       Chunk             |       |     6 ||     6
Armor: Scale mail        |    61 |     1 ||    62
       Chain mail        |       |    76 ||    76
Dodge: Dodged            |    36 |    24 ||    60
Block: Shield            |    61 |    76 ||   137

Table legend:
 A = Non-vault XP
 B = Vault XP
 C = Vault XP percentage of total XP
 D = Non-vault monster count
 E = Vault monster count
 F = Vault count percentage of total count
                 A         B        C        D         E       F
            +---------+---------+-------+---------+---------+-------
      Total |     364 |     124 |  25.4 |      49 |      24 |  32.9
            +---------+---------+-------+---------+---------+-------
        D:1 |      52 |       0 |   0.0 |      21 |       0 |   0.0
        D:2 |      18 |       0 |   0.0 |       7 |       0 |   0.0
        D:3 |      20 |     124 |  86.1 |       9 |      24 |  72.7
        D:4 |     274 |       0 |   0.0 |      12 |       0 |   0.0
            +---------+---------+-------+---------+---------+-------
